[Event "Karnataka State Open-ch 2018"]
[Site "Bengaluru"]
[Date "2018.04.16"]
[Round "6"]
[White "Kishan, Gangolli"]
[Black "Manasa H R"]
[Result "1-0"]
[ECO "D35"]
[WhiteElo "1974"]
[BlackElo "1615"]
[Annotator "NA RC"]
[PlyCount "30"]
[EventDate "2018.??.??"]
[EventType "swiss"]
[EventCountry "IND"]
[SourceTitle "playchess.com"]
[Source "ChessBase"]
[SourceQuality "1"]
[TimeControl "5400+30"]

1. d4 d5 2. c4 e6 3. Nc3 Nf6 4. cxd5 exd5 5. Bg5 Be7 6. e3 c6 7. Bd3 Nbd7 8. Qc2 O-O 9. Nf3 Re8 10. O-O Nf8 11. Rab1 Bg4 $14 {LiveBook: 20 Games} 12. Ne5 Bh5 13. b4 a6 14. a4 Rc8 15. Bf5 Ne6 1-0

[Event "Karnataka State Open-ch 2018"]
[Site "Bengaluru"]
[Date "2018.04.16"]
[Round "6"]
[White "Sudarshan Bhat"]
[Black "Nitish Bhat"]
[Result "1-0"]
[ECO "B22"]
[WhiteElo "1892"]
[BlackElo "1637"]
[Annotator "NA RC"]
[PlyCount "86"]
[EventDate "2018.??.??"]
[EventType "swiss"]
[EventCountry "IND"]
[SourceTitle "playchess.com"]
[Source "ChessBase"]
[SourceQuality "1"]
[TimeControl "5400+30"]

1. e4 c5 2. c3 Nf6 3. e5 Nd5 4. d4 e6 5. Nf3 cxd4 6. cxd4 Nc6 7. a3 d6 8. Bd3 Be7 {[%emt 0:00:25] LiveBook: 60 Games} 9. O-O O-O 10. Qe2 dxe5 11. dxe5 f6 {[%emt 0:01:05] B22: Sicilian: 2 c3} (11... Qa5 12. Bd2 Qa4 13. Nc3 Nxc3 14. Bxc3 Rd8 15. b4 Nb8 16. Rfd1 g6 17. Nd2 Bd7 18. Ne4 Bc6 19. Nf6+ Kg7 20. Bc2 Qa6 21. Qg4 Nd7 22. Qh4 h6 23. Rd3 Bf8 24. Qxh6+ Kxh6 25. Rh3+ Kg5 26. Bd2# {1-0 (26) Haznedaroglu,K (2428)-Vucinic,G (2253) Skopje 2013}) 12. exf6 ({Much weaker is} 12. Qe4 f5 $11) 12... Bxf6 {[%emt 0:01:22] [#]} 13. Nc3 $1 $146 ({Predecessor:} 13. Rd1 Qb6 14. Ng5 Bxg5 15. Bxg5 h6 16. Bc1 Nd4 17. Qe4 Nf6 18. Qg6 Rf7 19. Bxh6 {1-0 (29) Giliazitdinov,E (2073)-Lukashov,V (2099) Novosibirsk 2011}) 13... Nxc3 14. bxc3 e5 15. Qe4 g6 16. Bh6 Bg7 17. Bc4+ Kh8 18. Bxg7+ Kxg7 19. Nxe5 Qe7 20. f4 ({White should try} 20. Rae1 $16) 20... Qc5+ 21. Kh1 Bf5 22. Qd5 Qxd5 23. Bxd5 Rac8 (23... Nxe5 $11 {keeps the balance.} 24. fxe5 Rac8) 24. c4 ({White should try} 24. Bxc6 $16 bxc6 25. Kg1) 24... Rc7 (24... Nxe5 $11 {keeps the balance.} 25. fxe5 Rfe8) 25. Rad1 (25. Bxc6 $16 bxc6 26. Rad1) 25... h5 (25... Nxe5 $11 {remains equal.} 26. fxe5 Re8) 26. h3 ({White should try} 26. Bxc6 $16 bxc6 27. h3) 26... Ne7 (26... Nxe5 $11 27. fxe5 Re8) 27. Rd2 b6 28. Kh2 Bc8 29. g4 hxg4 30. hxg4 Rc5 31. Kg3 b5 (31... Ra5 $16 {might work better.} 32. Rf3 Re8) 32. Re1 Rd8 33. Red1 Ba6 34. Nd3 Rc7 35. Nb4 Rd6 36. Bf3 Re6 $2 (36... Rxd2 {is a better defense.} 37. Rxd2 Bb7 38. cxb5 Bxf3) 37. Rd6 Rxd6 38. Rxd6 Bb7 39. Bxb7 Rxb7 40. cxb5 Nc8 $2 (40... Rxb5 41. Rd7 Kf8 42. Rxa7 g5 43. fxg5 Rxg5) 41. Rc6 Ne7 42. Rc5 Kf7 $18 43. Nc6 Ke8 1-0

[Event "Karnataka State Open-ch 2018"]
[Site "Bengaluru"]
[Date "2018.04.16"]
[Round "6"]
[White "Sameer, Ghotane"]
[Black "Shreyash, A Kulkarni"]
[Result "1-0"]
[ECO "E98"]
[WhiteElo "1881"]
[BlackElo "1605"]
[Annotator "NA RC"]
[PlyCount "81"]
[EventDate "2018.??.??"]
[EventType "swiss"]
[EventCountry "IND"]
[SourceTitle "playchess.com"]
[Source "ChessBase"]
[SourceQuality "1"]
[TimeControl "5400+30"]

1. d4 Nf6 2. c4 g6 3. Nc3 Bg7 4. e4 d6 5. Nf3 O-O 6. Be2 e5 7. O-O Nc6 8. d5 Ne7 9. Ne1 Nd7 10. Be3 f5 11. f3 f4 12. Bf2 g5 {[%emt 0:03:08] LiveBook: 1417 Games} 13. Rc1 Nf6 14. c5 Ne8 15. cxd6 {[%emt 0:01:22] E99: King's Indian: Classical Main Line: 9 Ne1 Nd7 10 f3 f5} cxd6 16. Nd3 (16. Nb5 b6 17. Nd3 Rf6 18. Nb4 Rg6 19. Nc6 Qd7 20. Nbxa7 Nxc6 21. Nxc8 Qxc8 22. dxc6 Kh8 {1-0 (39) Fedorovsky,M (2498)-Matt,F (2326) Austria 2017}) 16... h5 $146 ({Find the theoretical novelty and annotate with similar games:} 16... Ng6 17. a4 h5 18. Kh1 Rf7 19. Nb5 {½-½ (44) Weerawardane,R (2120)-Tissir,M (2388) Baku 2016}) 17. Nb5 Bd7 18. Qb3 ({But not} 18. Nxa7 Qb8 $15) 18... g4 19. Nxa7 g3 (19... Qb8 $16 {is a better defense.}) 20. Bb6 Qb8 21. Nc6 bxc6 22. dxc6+ Be6 23. Qxe6+ Rf7 24. Qb3 Ra6 25. c7 Qb7 {[%emt 0:14:53] [#]} 26. Nxe5 (26. Nc5 $142 $1 dxc5 27. Bxa6 Qxa6 28. Rfd1) 26... dxe5 $2 (26... Qxb6+ 27. Qxb6 Rxb6) 27. Bc5 Qxb3 28. axb3 Nxc7 29. Bxa6 Nxa6 30. Bd6 Ng6 31. Rc8+ Kh7 32. Ra1 Rb7 33. Rxa6 Rxb3 34. Ba3 Re3 35. Rc1 Re2 36. Rac6 gxh2+ (36... Rd2 $142 37. R6c2 Rd3) 37. Kh1 Rd2 38. Rd6 Re2 39. Rd7 Kh6 40. Rc6 h4 41. Rdd6 1-0

[Event "Karnataka State Open-ch 2018"]
[Site "Bengaluru"]
[Date "2018.04.16"]
[Round "6"]
[White "Namboothiri, K N"]
[Black "Rakshith Srinivasan"]
[Result "0-1"]
[ECO "E97"]
[WhiteElo "1712"]
[BlackElo "1597"]
[Annotator "NA RC"]
[PlyCount "66"]
[EventDate "2018.??.??"]
[EventType "swiss"]
[EventCountry "IND"]
[SourceTitle "playchess.com"]
[Source "ChessBase"]
[SourceQuality "1"]
[TimeControl "5400+30"]

1. d4 Nf6 2. c4 g6 3. Nc3 Bg7 4. e4 d6 5. Nf3 O-O 6. Be2 e5 7. O-O Nc6 8. d5 Ne7 9. Nd2 Ne8 10. Rb1 f5 11. b4 Nf6 12. f3 f4 13. c5 g5 14. Nc4 Ng6 15. cxd6 cxd6 16. b5 Rf7 17. Ba3 Bf8 18. Bb4 h5 19. a4 g4 20. Qe1 Rg7 21. Rb2 Nh7 22. b6 a6 23. a5 Nh4 24. Bd1 Ng5 25. Kh1 g3 26. Na2 Nxg2 27. Rxg2 Bh3 28. Rfg1 Bxg2+ 29. Rxg2 h4 30. Nc1 Rc8 31. Rc2 g2+ 32. Kxg2 Nh3+ 33. Kh1 Qg5 0-1

[Event "Karnataka State Open-ch 2018"]
[Site "Bengaluru"]
[Date "2018.04.16"]
[Round "6"]
[White "Shashank Bhat G S"]
[Black "Prabhakaran K"]
[Result "1-0"]
[ECO "C11"]
[WhiteElo "1698"]
[BlackElo "1554"]
[Annotator "NA RC"]
[PlyCount "43"]
[EventDate "2018.??.??"]
[EventType "swiss"]
[EventCountry "IND"]
[SourceTitle "playchess.com"]
[Source "ChessBase"]
[SourceQuality "1"]
[TimeControl "5400+30"]

1. e4 e6 2. d4 d5 3. Nc3 Nf6 4. e5 Nfd7 5. f4 c5 6. Nf3 Nc6 7. Be3 f6 8. Bb5 fxe5 9. Bxc6 bxc6 10. fxe5 cxd4 11. Nxd4 Nxe5 12. Qh5+ Ng6 13. Nxc6 Qc7 14. Nd4 Bb4 15. O-O Bxc3 16. bxc3 Qxc3 17. Qe2 Ba6 18. Qxa6 Qxe3+ 19. Kh1 Qxd4 20. Qxe6+ Ne7 21. Rae1 Qb6 22. Rd1 1-0

[Event "Karnataka State Open-ch 2018"]
[Site "Bengaluru"]
[Date "2018.04.16"]
[Round "6"]
[White "Anand Vittal T R"]
[Black "Raducanu, Andrei-Augustin"]
[Result "0-1"]
[ECO "A80"]
[WhiteElo "1624"]
[BlackElo "2063"]
[Annotator "NA RC"]
[PlyCount "66"]
[EventDate "2018.??.??"]
[EventType "swiss"]
[EventCountry "IND"]
[SourceTitle "playchess.com"]
[Source "ChessBase"]
[SourceQuality "1"]
[TimeControl "5400+30"]

1. d4 f5 2. Nf3 Nf6 3. Bf4 g6 4. e3 Bg7 {[%emt 0:00:16] LiveBook: 55 Games} 5. Nbd2 d6 {[%emt 0:01:26] A80: Dutch Defence: Unusual White second moves} (5... O-O 6. h3 d6 7. Be2 Nc6 8. Bh2 e6 9. O-O Qe7 10. c3 a5 11. a3 b6 12. c4 e5 13. c5 bxc5 14. dxc5 {0-1 (54) Bromberger,S (2532)-Georgiadis,N (2473) Austria 2016}) 6. Bc4 e6 7. Qe2 Qe7 8. Bb3 $146 ({Find the theoretical novelty and annotate with similar games:} 8. h3 Nc6 9. O-O-O Bd7 10. Rhg1 O-O-O 11. Bh2 e5 12. dxe5 dxe5 {½-½ (50) Olejarczyk,B (2159)-Szymczak,R (2051) Warsaw 2009}) 8... Nc6 9. e4 Nh5 10. Bg5 Nxd4 11. Qe3 Nxf3+ 12. Nxf3 f4 13. Bxf4 (13. Qd3 $15 Qf7 14. g4 fxg3 15. fxg3) 13... Nxf4 14. Qxf4 Bxb2 15. Rd1 Qf6 16. Ba4+ Bd7 17. Bxd7+ Kxd7 18. Qxf6 Bxf6 19. e5 Bg7 20. c4 Ke7 21. exd6+ cxd6 22. Kd2 Rhc8 23. Kd3 Rc5 24. Rb1 b6 25. Rhe1 Rac8 26. Rb4 {[%emt 0:00:42] [#]} b5 $1 27. Rxb5 Rxb5 28. cxb5 Rc3+ 29. Ke4 (29. Ke2 $17) 29... Ra3 30. Re2 $19 Bh6 31. Kd4 Kd7 32. Kc4 d5+ 33. Kb4 Bf8# 0-1

[Event "Karnataka State Open-ch 2018"]
[Site "Bengaluru"]
[Date "2018.04.16"]
[Round "6"]
[White "Anirudh Sharma"]
[Black "Sekhawat, Hussen"]
[Result "0-1"]
[ECO "A05"]
[WhiteElo "1381"]
[BlackElo "1915"]
[Annotator "NA RC"]
[PlyCount "86"]
[EventDate "2018.??.??"]
[EventType "swiss"]
[EventCountry "IND"]
[SourceTitle "playchess.com"]
[Source "ChessBase"]
[SourceQuality "1"]
[TimeControl "5400+30"]

1. Nf3 Nf6 2. g3 g6 3. b3 Bg7 4. Bb2 O-O 5. Bg2 c5 6. O-O Nc6 7. c4 Rb8 8. d4 {[%emt 0:03:13] LiveBook: 9 Games A30: Symmetrical English: Double Fianchetto and Hedgehog} Nh5 $146 ({Find the theoretical novelty and annotate with similar games:} 8... d5 9. dxc5 dxc4 10. Ne5 Qa5 11. Bxc6 bxc6 12. Nxc6 Qxc5 13. Nxb8 Bh3 14. Qd4 Qxd4 15. Bxd4 Bxf1 16. Kxf1 Rxb8 17. bxc4 {½-½ (28) Miron,L (2495)-Vucinic,G (2399) Budapest 2016}) 9. Qd2 cxd4 10. Nxd4 Nxd4 11. Bxd4 b6 12. Bxg7 Nxg7 13. Nc3 d6 14. Nb5 a6 15. Nd4 Bb7 16. Nc6 Bxc6 $1 17. Bxc6 Ne6 18. Rfd1 a5 19. a3 Nc5 20. Rdb1 Qc7 21. Bb5 a4 22. bxa4 Rbc8 23. Qb4 f5 24. Rd1 Rcd8 25. Rab1 f4 26. Qd2 fxg3 27. hxg3 Rxf2 28. Qd5+ e6 29. Qc6 Qxc6 30. Bxc6 Rxe2 31. Rxb6 Re3 32. Kg2 Rxa3 33. Bb5 Ne4 34. Re1 (34. c5 $17 {is a better defense.}) 34... Ra2+ ({But not} 34... Nxg3 35. Rxe6 Nf5 36. Re1) 35. Kf3 Ng5+ 36. Kg4 h6 37. Rh1 Kg7 (37... Ne4 $19 {is more deadly.} 38. Kf3 Nf2) 38. Rb7+ Kf6 39. Rxh6 $2 (39. Rf1+ $17 Ke5 40. Bc6) 39... Re2 40. Bc6 d5 41. Kh4 Rh2+ 42. Kg4 Re2 43. Bxd5 Rxd5 0-1

[Event "Karnataka State Open-ch 2018"]
[Site "Bengaluru"]
[Date "2018.04.16"]
[Round "6"]
[White "Monosij Roy"]
[Black "Gavi, Siddayya"]
[Result "0-1"]
[ECO "C53"]
[WhiteElo "1363"]
[BlackElo "1993"]
[Annotator "NA RC"]
[PlyCount "68"]
[EventDate "2018.??.??"]
[EventType "swiss"]
[EventCountry "IND"]
[SourceTitle "playchess.com"]
[Source "ChessBase"]
[SourceQuality "1"]
[TimeControl "5400+30"]

1. e4 e5 2. Nf3 Nc6 3. Bc4 Bc5 4. c3 Bb6 {[%emt 0:00:21] LiveBook: 65 Games} 5. d3 Qe7 6. Bb3 Nf6 7. O-O d6 8. Nbd2 a6 9. Bc2 h6 10. Nc4 Ba7 11. h3 g5 12. Nh2 Bd7 13. Be3 O-O-O 14. a4 d5 15. exd5 Nxd5 16. b4 $2 (16. Bxa7 $11 {and White has nothing to worry.} Nxa7 17. d4) 16... Nxc3 17. Qe1 Nd4 ({Not} 17... Qxb4 18. Bxa7 b6 19. Nxb6+ cxb6 {[#]} 20. Bxb6 $1 $11 ) 18. Bxd4 (18. b5 $17) 18... Bxd4 19. Nf3 Rhe8 20. b5 axb5 21. axb5 Bxb5 22. Ra5 c6 23. Nxd4 exd4 24. Qa1 Qb4 25. Ra8+ (25. Ra3 $142) 25... Kc7 26. Ra7 $2 (26. Rxd8 Rxd8 27. Ne5) 26... Bxc4 27. dxc4 d3 28. Bd1 d2 29. Bf3 d1=Q 30. Bxd1 Rxd1 31. Rxd1 Nxd1 32. Qg7 Qe1+ 33. Kh2 Qe5+ 34. Qxe5+ Rxe5 0-1

[Event "Karnataka State Open-ch 2018"]
[Site "Bengaluru"]
[Date "2018.04.16"]
[Round "6"]
[White "Shashidhar B Rai"]
[Black "Reetish, Padhi"]
[Result "1/2-1/2"]
[ECO "B00"]
[WhiteElo "1361"]
[BlackElo "1915"]
[Annotator "NA RC"]
[PlyCount "65"]
[EventDate "2018.??.??"]
[EventType "swiss"]
[EventCountry "IND"]
[SourceTitle "playchess.com"]
[Source "ChessBase"]
[SourceQuality "1"]
[TimeControl "5400+30"]

1. e4 b6 2. d4 Bb7 3. Nc3 e6 4. a3 Nf6 5. Bd3 c5 6. Nf3 {[%emt 0:05:18] B00: Queen's Fianchetto Defence, Nimzowitsch Defence} cxd4 7. Nxd4 {[%emt 0:00:31] LiveBook: 9 Games} Nc6 8. Nxc6 Bxc6 9. Be3 $146 ({Predecessor:} 9. Bf4 d6 10. Qe2 Be7 11. O-O-O Nd7 12. Bb5 Qc7 13. Qc4 Rc8 {1-0 (50) Hou,Y (2663)-Ghaem Maghami,E (2551) Almaty 2016}) 9... d5 10. exd5 Nxd5 11. Nxd5 ({Better is} 11. Be4 $14) 11... Qxd5 12. f3 Bc5 13. Bxc5 Qxc5 14. Qe2 O-O 15. O-O-O b5 16. Be4 Rab8 17. Bxc6 Qxc6 18. Rd4 b4 19. Rxb4 Rxb4 20. axb4 Qa4 21. Kb1 Qxb4 22. c3 Qd6 23. h3 Rd8 24. Kc2 Qc6 25. Kb1 Qd5 26. Rc1 h6 27. c4 Qc5 28. Rc2 Rd4 29. b3 Qb4 30. Qe3 Rd1+ 31. Rc1 Rd2 32. Rc2 Rd1+ 33. Rc1 $11 1/2-1/2

[Event "Karnataka State Open-ch 2018"]
[Site "Bengaluru"]
[Date "2018.04.16"]
[Round "6"]
[White "Adarsh Narayanan"]
[Black "Malla, Nooka Raju"]
[Result "0-1"]
[ECO "B40"]
[WhiteElo "1299"]
[BlackElo "1969"]
[Annotator "NA RC"]
[PlyCount "108"]
[EventDate "2018.??.??"]
[EventType "swiss"]
[EventCountry "IND"]
[SourceTitle "playchess.com"]
[Source "ChessBase"]
[SourceQuality "1"]
[TimeControl "5400+30"]

1. e4 c5 2. Nf3 e6 3. d4 cxd4 4. Nxd4 Nf6 5. Nc3 Bb4 6. f3 Nc6 7. Be3 O-O 8. Qd2 {[%emt 0:00:35] B45: Sicilian Four Knights} d5 9. Nxc6 (9. O-O-O e5 10. Nxc6 bxc6 11. a3 Ba5 12. exd5 cxd5 13. Bc5 d4 14. Qg5 h6 15. Qh4 Re8 {0-1 (50) Terletsky,O (2250)-Grekh,A (2373) Horodok 2013}) 9... bxc6 10. a3 Ba5 11. b4 Bb6 12. Bg5 $146 ({Find the theoretical novelty and annotate with similar games:} 12. Na4 Bxe3 13. Qxe3 dxe4 14. fxe4 Ng4 15. Qf3 e5 {½-½ (45) Volas,N (2114)-Jovic,S (1854) Obrenovac 2008}) 12... Bc7 13. Rd1 h6 14. Bh4 Bd6 15. f4 Nxe4 16. Bxd8 (16. Nxe4 $17 Qxh4+ 17. g3) 16... Nxd2 17. Bh4 Nxf1 18. Rxf1 a5 19. Na2 $2 (19. Ne4 Bb8 20. Nc5) 19... axb4 20. Nxb4 c5 21. Nd3 Rxa3 22. Ne5 {[%emt 0:05:41] [#]} g5 $1 23. Bg3 gxf4 24. Bxf4 Bxe5 25. Bxe5 Re3+ 26. Kf2 Rxe5 27. Kg1 Ba6 28. Rf2 Re2 29. Rxe2 Bxe2 30. Rd2 Bc4 31. Kf2 e5 32. c3 Ra8 33. h3 Ra2 34. Rxa2 Bxa2 35. Ke3 f5 36. g3 Kf7 37. g4 f4+ 38. Kf3 Bb1 39. h4 Be4+ 40. Kf2 Ke6 41. Ke2 Kd6 42. c4 dxc4 43. Kd2 Kd5 44. g5 hxg5 45. hxg5 Kd4 46. Ke2 c3 47. g6 Bxg6 48. Kd1 f3 49. Ke1 c2 50. Kd2 f2 51. Kc1 f1=Q+ 52. Kb2 Qb1+ 53. Ka3 Kc4 54. Ka4 Qb4# (54... Qa2# $142) 0-1